 Dungeon Crawl Stone Soup version 0.28.0-1-gb440e238dd (webtiles) character file.

Game seed: 11466132587671209617

687 iguanaiguana the Chopper (level 7, -5/61 HPs)
             Began as a Hill Orc Abyssal Knight on Feb 19, 2022.
             Was a Believer of Lugonu.
             Killed by divine providence
             ... invoked by an orc priest
              (12 damage)
             ... on level 5 of the Dungeon.
             The game lasted 00:03:15 (5934 turns).

iguanaiguana the Chopper (Hill Orc Abyssal Knight)  Turns: 5934, Time: 00:03:15

Health: -5/61      AC:  7    Str: 18    XL:     7   Next: 62%
Magic:  11/11      EV: 11    Int: 10    God:    Lugonu [**....]
Gold:   213        SH:  0    Dex: 11    Spells: 6/6 levels left

rFire   . . .      SeeInvis .   a - +1 hand axe
rCold   . . .      Faith    .   (no shield)
rNeg    . . .      Spirit   .   m - +0 ring mail
rPois   .          Reflect  .   (no helmet)
rElec   .          Harm     .   (no cloak)
rCorr   .          Rampage  .   (no gloves)
Will    .....                   d - +0 pair of boots
Stlth   +.........              (no amulet)
HPRegen 0.20/turn               (no ring)
MPRegen 0.12/turn               (no ring)

@: no status effects
A: no striking features
a: Renounce Religion, Convert to Beogh, Depart the Abyss, Bend Space


You were on level 5 of the Dungeon.
You worshipped Lugonu.
Lugonu was pleased with you.
You visited 1 branch of the dungeon, and saw 5 of its levels.
You visited the Abyss 1 time.

You collected 213 gold pieces.

Inventory:

Hand Weapons
 a - a +1 hand axe (weapon)
Armour
 b - a +0 leather armour
 d - a +0 pair of boots (worn)
 m - a +0 ring mail (worn)
Jewellery
 e - a ring of positive energy
Wands
 p - a wand of digging (6) {@v3}
Scrolls
 c - 8 scrolls of teleportation {unknown}
 g - a scroll of noise {unknown}
 i - a scroll of blinking {unknown}
 j - a scroll of amnesia {unknown}
 l - a scroll of acquirement {unknown}
 n - 3 scrolls of identify {unknown}
 o - a scroll of torment {unknown}
 q - a scroll of enchant armour {unknown}
 r - a scroll of immolation {unknown}
 t - a scroll of holy word {unknown}
 u - a scroll of magic mapping {unknown}
Potions
 f - a potion of mutation {unknown}
 h - 2 potions of attraction {unknown}
 k - 2 potions of curing {unknown}
 s - a potion of degeneration {unknown}
 v - 2 potions of lignification {unknown}


   Skills:
 + Level 5.2 Fighting
 * Level 6.2 Axes
 + Level 3.9 Armour
 + Level 2.3 Dodging
 * Level 6.0 Invocations


You had 6 spell levels left.
You didn't know any spells.
Your spell library was empty.

Dungeon Overview and Level Annotations

Branches:
Dungeon (5/15)
 Temple: D:4-7

Altars:
Hepliaklqana
Trog
The Shining One

Annotations:
Abyss:1 Grinder


Message History

The orc wizard is lightly wounded.
The orc wizard hits you but does no damage.
You hit the orc wizard but do no damage.
The orc wizard is lightly wounded.
The orc wizard hits you with a +0 dagger.
There are monsters nearby!
There are monsters nearby!
You closely miss the orc wizard.
The orc wizard is lightly wounded.
The orc wizard points at you and mumbles some strange words.
You resist with some effort.
You hit the orc wizard.
The orc wizard is moderately wounded.
The orc wizard hits you with a +0 dagger.
The orc priest shouts, "Join the one true god or die!"
You hit the orc wizard.
The orc wizard is severely wounded.
The orc priest calls down the wrath of Beogh upon you.
Beogh smites you!
The orc wizard casts a spell.
The orc wizard flickers and vanishes!
Deactivating autopickup; reactivate with Ctrl-A.
There are monsters nearby!
You hit something but do no damage. Your punch misses something.
Something hits you but does no damage.
You completely miss something.
The orc wizard gestures wildly while chanting.
The orc wizard flickers and vanishes!
The orc priest calls down the wrath of Beogh upon you.
Beogh smites you! Something completely misses you.
You are too injured to fight recklessly!
There are monsters nearby!
You are too injured to fight recklessly!
You are too injured to fight recklessly!
You are too injured to fight recklessly!
There are monsters nearby!
You are too injured to fight recklessly!
You are too injured to fight recklessly!
You are too injured to fight recklessly!
There are monsters nearby!
You are too injured to fight recklessly!
You are too injured to fight recklessly!
You are too injured to fight recklessly!
There are monsters nearby!
You barely miss something.
You hear some strange, mumbled words.
Something hits the orc priest but does no damage.
You closely miss something.
The orc priest shouts, "Beogh is our master!
Accept the truth or die!"
A magic dart appears from out of thin air!
The magic dart hits something!
Reactivating autopickup.
You feel a bit more experienced.
The orc priest begins to cast a cantrip, but forgets the words!
Found 14 gold pieces.
Something completely misses you.
The orc priest calls down the wrath of Beogh upon you.
You struggle to resist.
Things that are here:
a +0 dagger; a +0 robe; an orc corpse You hit the orc priest but do no damage.
You hit something. Something hits you.
Deactivating autopickup; reactivate with Ctrl-A.
The orc priest calls down the wrath of Beogh upon you.
Pain shoots through your body!
You hit the orc priest but do no damage.
You miss something. Something hits you but does no damage.
The orc priest hits you but does no damage.
You hit the orc priest but do no damage.
You barely miss something. Something hits you but does no damage.
The orc priest hits you with a +0 whip.
* * * LOW HITPOINT WARNING * * *
You hit the orc priest but do no damage.
You miss something. Something hits you but does no damage.
The orc priest hits you but does no damage.
You hit something. Something hits you.
* * * LOW HITPOINT WARNING * * *
The orc priest begins to cast a cantrip, but forgets the words!
You closely miss something. Something hits you but does no damage.
You hit something.
You hear some strange, mumbled words.
Something tries to affect you, but you resist.
The orc priest invokes the aid of Beogh against you.
You closely miss something.
You hear some strange, mumbled words.
A puff of flame appears from out of thin air!
The puff of flame hits you!
* * * LOW HITPOINT WARNING * * *
You closely miss something.
You hear some strange, mumbled words.
A puff of flame appears from out of thin air!
The puff of flame hits you.
* * * LOW HITPOINT WARNING * * *
You hit something but do no damage. Your punch misses something.
The orc priest shouts, "Join the one true god or die!"
Something hits you.
* * * LOW HITPOINT WARNING * * *
You miss something. Something hits you but does no damage.
The orc priest mumbles some strange prayers to Beogh against you.
Beogh smites you!
You die...

##############
#o{@.........#
#.....o##########.#
....... ##.##
....... ##...##
....$.. ##.....##
....... ##.......##
.......
#.........###
#.....#
#............
##.........###


You could see an orc priest and an orc.

Vanquished Creatures
  A scorpion (D:3)
  A water moccasin skeleton (D:4)
  A howler monkey (D:4)
  2 hounds
  2 orc priests
  2 iguanas (D:4)
  5 adders
  A worm (D:5)
  6 dart slugs
  10 orcs
  10 ball pythons
  3 bats (D:3)
  9 endoplasms
  5 giant cockroaches
  7 goblins
  3 hobgoblins
  12 jackals
  4 quokkas
  4 frilled lizards
  8 kobolds
  5 rats
101 creatures vanquished.

Vanquished Creatures (others)
  An orc wizard (D:5)
1 creature vanquished.

Grand Total: 102 creatures vanquished

Notes
Turn   | Place    | Note
-------+----------+-------------------------------------------
     0 | Abyss:1  | iguanaiguana the Hill Orc Abyssal Knight began the quest
                  | for the Orb.
     0 | Abyss:1  | Reached XP level 1. HP: 19/19 MP: 2/2
     0 | D:1      | Escaped the Abyss
   129 | D:1      | Reached * piety under Lugonu
   130 | D:1      | Reached skill level 1 in Dodging
   130 | D:1      | Reached XP level 2. HP: 18/27 MP: 4/4
   604 | D:1      | Reached XP level 3. HP: 22/33 MP: 5/5
  1591 | D:2      | Reached XP level 4. HP: 33/40 MP: 6/6
  1822 | D:2      | Reached ** piety under Lugonu
  2985 | D:3      | Reached XP level 5. HP: 42/46 MP: 6/8
  3439 | D:3      | Found a hazy altar of Hepliaklqana.
  3686 | D:3      | Reached XP level 6. HP: 34/53 MP: 9/9
  3947 | D:3      | Found a glowing golden altar of the Shining One.
  3947 | D:3      | Found a bloodstained altar of Trog.
  4195 | D:4      | Reached skill level 5 in Axes
  4531 | D:4      | Noticed Grinder
  4688 | D:4      | Reached *** piety under Lugonu
  4782 | D:4      | Reached skill level 5 in Invocations
  4841 | D:4      | Identified the +9 quarterstaff of Ash {pain, Fragile rF+
                  | rCorr Int+4}
  5375 | D:4      | Banished Grinder
  5376 | D:4      | Reached skill level 5 in Fighting
  5376 | D:4      | Reached XP level 7. HP: 61/61 MP: 5/11
  5749 | D:5      | Entered Level 5 of the Dungeon
  5934 | D:5      | Killed from afar by an orc priest

Illustrated notes

Levels and vault maps discovered:
D:1:      ebering_trefoil_twist, layout_basic,
          nicolae_concentric_dashed_squares_wild
D:2:      minmay_wonky_spiral, layout_basic,
          dreamdust_ecumenical_altar_hidden_monk_grotto
D:3:      layout_basic, lemuel_crystal_altar, gammafunk_temple_overflow_pools,
          grunt_decor_cap
D:4:      layout_loops_ring, uniq_grinder
D:5:      minmay_recursive_quarters, layout_loops_ring

Skill      XL: |  1  2  3  4  5  6  7 |
---------------+----------------------+-----
Axes           | 3 4 6 |  6.2
Dodging        | 1 2 |  2.3
Invocations    | 3 4 5 6 |  6.0
Fighting       | 4 5 |  5.2
Armour         | 3 |  3.9

Action                   |  1- 3 |  4- 6 |  7- 9 || total
-------------------------+-------+-------+-------++-------
Melee: Hand axe          |   109 |   278 |    50 ||   437
       Punch             |       |     5 |       ||     5
Invok: Depart the Abyss  |     1 |       |       ||     1
       Banish            |       |     1 |       ||     1
 Stab: Sleeping          |       |     1 |       ||     1
Armor: Leather armour    |    34 |    16 |       ||    50
       Ring mail         |       |    81 |    18 ||    99
Dodge: Dodged            |    64 |   194 |    13 ||   271
